 Dungeon Crawl Stone Soup version 0.32-a0-898-g7811c86cf0 (webtiles) character file.

Game seed: 1543700541743548096

44 601d51SH the Sneak (level 3, -8/31 HPs)
             Began as a Gnoll Brigand on Apr 5, 2024.
             Killed by divine providence
             ... invoked by an orc priest
              (14 damage)
             ... on level 3 of the Dungeon.
             The game lasted 00:03:49 (1194 turns).

601d51SH the Sneak (Gnoll Brigand)                  Turns: 1194, Time: 00:03:53

Health: -8/31      AC:  6    Str: 10    XL:     3   Next: 60%
Magic:  4/4        EV: 11    Int: 10    God:
Gold:   168        SH:  0    Dex: 15    Spells: 3/3 levels left

rFire   . . .        l - +2 short sword (elec)
rCold   . . .        (no shield)
rNeg    . . .        g - +0 leather armour
rPois   .            (no helmet)
rElec   .            c - +0 cloak
rCorr   .            (no gloves)
SInv    .            s - +1 pair of boots
Will    .....        (no amulet)
Stlth   ++++         (no ring)
HPRegen 0.25/turn    (no ring)
MPRegen 0.09/turn

%: no passive effects
@: lethally poisoned (-8 -> -13)
A: fangs 1, strong nose, distributed training
a: Convert to Beogh


You were on level 3 of the Dungeon.
You visited 1 branch of the dungeon, and saw 3 of its levels.

You collected 168 gold pieces.

Inventory:

Hand Weapons
 a - a +2 dagger
 l - a +2 short sword of electrocution (weapon)
Missiles
 d - 21 poisoned darts (quivered)
 e - 3 curare-tipped darts
Armour
 b - a +0 robe
 c - a +0 cloak (worn)
 g - a +0 leather armour (worn)
 h - a +0 scale mail
 m - a +0 chain mail
 s - a +1 pair of boots (worn)
Jewellery
 p - an amulet of reflection
Scrolls
 f - 4 scrolls of identify
 n - a scroll of amnesia {unknown}
 o - a scroll of teleportation {unknown}
 q - a scroll of butterflies
 t - a scroll of fog
 u - a scroll of poison {unknown}
 v - a scroll of revelation {unknown}
Potions
 i - a potion of enlightenment {unknown}
 j - a potion of attraction {unknown}
 k - a potion of invisibility {unknown}
 r - a potion of haste {unknown}


   Skills:
 + Level 4.5 Fighting
 + Level 4.5 Short Blades
 + Level 0.9 Long Blades
 + Level 0.9 Axes
 + Level 0.9 Maces & Flails
 + Level 0.9 Polearms
 + Level 0.9 Staves
 + Level 0.9 Ranged Weapons
 + Level 4.5 Throwing
 + Level 0.9 Armour
 + Level 2.6 Dodging
 + Level 7.8 Stealth
 + Level 0.9 Shields
 + Level 0.9 Unarmed Combat
 + Level 0.9 Spellcasting
 + Level 0.6 Conjurations
 + Level 0.6 Hexes
 + Level 0.6 Summonings
 + Level 0.6 Necromancy
 + Level 0.6 Translocations
 + Level 0.6 Fire Magic
 + Level 0.6 Ice Magic
 + Level 0.6 Air Magic
 + Level 0.6 Earth Magic
 + Level 0.6 Alchemy
 + Level 1.0 Invocations
 + Level 0.9 Evocations
 + Level 0.7 Shapeshifting


You had 3 spell levels left.
You didn't know any spells.
Your spell library contained the following spells:

 Spells                   Type           Power      Damage    Failure   Level
 Slow                     Hex            4%         N/A       36%         1
 Confusing Touch          Hex            1%         N/A       73%         3
 Sigil of Binding         Hex            1%         N/A       73%         3
 Vampiric Draining        Necr           1%         2d6       73%         3
 Death Channel            Necr           0%         N/A       100%        6
 Sculpt Simulacrum        Ice/Alch       0%         N/A       100%        6


Dungeon Overview and Level Annotations

Branches:
Dungeon (3/15)

Altars:

Shops:
D:1 =


Innate Abilities, Weirdness & Mutations

You have very sharp teeth.
Your uncanny sense of smell can sniff out nearby items.
Your experience applies equally to all skills.


Message History

The orc is lightly wounded.
An adder comes into view.
The orc barely misses you.
The orc priest mumbles some strange prayers to Beogh against you.
Beogh smites you!
You hit the orc.
The orc is moderately wounded.
The orc hits you with a +0 club.
* * * LOW HITPOINT WARNING * * *
You hit the orc but do no damage. Lightning courses through the orc!
You kill the orc!
You hit the adder.
The adder is moderately wounded.
The adder barely misses you.
You miss the adder.
The adder is moderately wounded.
A kobold comes into view. It is wielding a +0 club.
The adder closely misses you.
You miss the adder.
The adder is moderately wounded.
The adder bites you but does no damage.
You miss the adder.
The adder is moderately wounded.
The adder bites you.
* * * LOW HITPOINT WARNING * * *
The orc wizard casts a spell.
The orc wizard flickers and vanishes!
Deactivating autopickup; reactivate with Ctrl-A.
As you read the scroll labelled YTZOJAO BEKH, it crumbles to dust.
It is a scroll of identify.
q - a scroll of butterflies The adder closely misses you.
As you read the scroll labelled NURCHO PIESTOO, it dissolves into smoke.
It was a scroll of fog.
The adder bites you.
* * * LOW HITPOINT WARNING * * *
You are poisoned.
The adder poisons you!
The orc priest calls down the wrath of Beogh upon you.
Beogh smites you!
You die... ### ... .. #K## # So#

# .#. #S#.##......#. .#
#@#.......... #.#
#§#.........#### #.#
#§§.####........ #.#
#.............# #.#
#.######....# # #####
#.#######.######...[#.###
<...####...................#....
...............##.#####.........
###.####.###...............#####


You could see an orc priest, an adder and a ball python.

Vanquished Creatures
  An adder (D:2)
  A dart slug (D:1)
  A ribbon worm (D:2)
  An orc (D:3)
  2 bats
  2 endoplasms (D:2)
  4 goblins
  3 hobgoblins
  4 jackals (D:1)
  4 ball pythons
  A frilled lizard (D:1)
  A kobold (D:2)
  4 rats
29 creatures vanquished.

Notes
Turn   | Place    | Note
-------+----------+-------------------------------------------
     0 | D:1      | 601d51SH the Gnoll Brigand began the quest for the Orb.
     0 | D:1      | Reached XP level 1. HP: 20/20 MP: 1/1
    24 | D:1      | Found a faded altar of an unknown god.
   147 | D:1      | Reached XP level 2. HP: 26/26 MP: 2/2
   328 | D:1      | Found Unodwang's Jewellery Emporium.
   709 | D:2      | Reached XP level 3. HP: 31/31 MP: 2/4
   843 | D:2      | Reached skill level 1 in Invocations
  1194 | D:3      | Killed from afar by an orc priest

Illustrated notes

Levels and vault maps discovered:
D:1:      wander_arrival_desolate, layout_rooms, serial_shops, shop,
          shapermc_ecumenical_altar_mp_highgroup
D:2:      layout_rooms, serial_bayou_lake_a
D:3:      layout_loops_ring, cheibrodos_sewer_entry_bend, uniq_grinder

Skill      XL: |  1  2  3 |
---------------+----------+-----
Invocations    | 1 |  1.0
Fighting       | |  4.5
Short Blades   | |  4.5
Long Blades    | |  0.9
Axes           | |  0.9
Maces & Flails | |  0.9
Polearms       | |  0.9
Staves         | |  0.9
Ranged Weapons | |  0.9
Throwing       | |  4.5
Armour         | |  0.9
Dodging        | |  2.6
Stealth        | |  7.8
Shields        | |  0.9
Unarmed Combat | |  0.9
Spellcasting   | |  0.9
Conjurations   | |  0.6
Hexes          | |  0.6
Summonings     | |  0.6
Necromancy     | |  0.6
Translocations | |  0.6
Fire Magic     | |  0.6
Ice Magic      | |  0.6
Air Magic      | |  0.6
Earth Magic    | |  0.6
Alchemy        | |  0.6
Evocations     | |  0.9
Shapeshifting  | |  0.7

Action                     || total
---------------------------++-------
  Melee: Dagger            ||    25
         Short sword       ||    41
         Bite              ||     4
    Use: Scroll            ||     2
   Stab: Sleeping          ||    12
 Armour: Robe              ||    11
         Leather armour    ||    25
  Dodge: Dodged            ||    29

Table legend: (Time is in decaauts)
 A = Elapsed time spent in this place.
 B = Non-inter-level travel time spent in this place.
 C = Inter-level travel time spent in this place.
 D = Time resting spent in this place.
 E = Time spent auto-exploring this place.
 F = Levels seen in this place.
 G = Mean time per level.
                   A        B        C        D        E       F      G
               +--------+--------+--------+--------+--------+-----+--------+
         Total |   1202 |   1110 |     92 |      0 |    592 |   3 |  400.7 |
       Dungeon |   1202 |   1110 |     92 |      0 |    592 |   3 |  400.7 |
               +--------+--------+--------+--------+--------+-----+--------+

Top non-repeatable levels by time:
     D:1: 661 daAuts
     D:2: 473 daAuts
     D:3: 68 daAuts
